 Dungeon Crawl Stone Soup version 0.24.0-37-gcf1ca852f1 (console) character file.

Game seed: 3643662821695710782, levelgen mode: deterministic

7121 AlterAsc the Martial Artist (level 11, -16/90 HPs)
             Began as an Octopode Transmuter on Nov 24, 2019.
             Was a Follower of Ashenzari.
             Demolished by a gargoyle
             ... wielding a +0 morningstar
              (23 damage)
             ... on level 10 of the Dungeon.
             The game lasted 00:29:41 (12167 turns).

AlterAsc the Martial Artist (Octopode Transmuter)  Turns: 12167, Time: 00:29:41

Health: -16/90     AC:  7    Str: 12    XL:     11   Next: 10%
Magic:  15/18      EV: 10    Int: 18    God:    Ashenzari [*.....]
Gold:   600        SH:  0    Dex: 14    Spells: 8/20 levels left

rFire    x . .     SeeInvis +     - Unarmed
rCold    + + +     Gourm    .   (shield currently unavailable)
rNeg     . . .     Faith    .   (helmet currently unavailable)
rPois    +         Spirit   .   (no amulet)
rElec    .         Reflect  .   g - ring of attention (curse)
rCorr    .         Harm     .   n - +3 ring of intelligence (curse)
MR       .....                  y - ring of see invisible (curse)
Stlth    ..........             K - +1 ring of protection
HPRegen  0.25/turn              (no ring)
MPRegen  0.16/turn              (no ring)
                                (no ring)
                                (no ring)

@: ice-form
A: large, almost no armour, stealthy swim, amphibious, 8 rings, (constrict 8)
a: End Transformation, Curse Item, Scrying, Renounce Religion


You were on level 10 of the Dungeon.
You worshipped Ashenzari.
Ashenzari was aware of your devotion.
You were not hungry.
You were a creature of crystalline ice.
You visited 1 branch of the dungeon, and saw 10 of its levels.

You collected 600 gold pieces.

Inventory:

Missiles
 a - 151 arrows
 r - 51 poisoned darts (quivered)
Jewellery
 g - a cursed ring of attention (left front paw)
 n - a cursed +3 ring of intelligence (right front paw)
 s - an uncursed amulet of faith
 y - a cursed ring of see invisible (on tentacle)
 K - a +1 ring of protection (on tentacle)
Wands
 z - a wand of polymorph (12)
 A - a wand of acid (7)
 C - a wand of random effects (17)
 J - a wand of disintegration (16)
Scrolls
 f - 2 scrolls of amnesia
 m - a scroll of immolation
 q - a scroll of blinking
 t - 2 scrolls of magic mapping {unknown}
 u - a scroll of teleportation {unknown}
 v - a scroll of remove curse
 w - a scroll of enchant weapon {unknown}
 B - a scroll of random uselessness {unknown}
 D - 2 scrolls of fear {unknown}
 G - 3 scrolls of identify
Potions
 b - 2 potions of degeneration
 e - 3 potions of lignification
 h - 4 potions of curing
 i - 3 potions of mutation
 j - 6 potions of heal wounds {unknown}
 k - 2 potions of flight {unknown}
 l - a potion of berserk rage {unknown}
 o - 2 potions of resistance {unknown}
 p - 3 potions of agility {unknown}
 x - 2 potions of invisibility
 E - 2 potions of ambrosia {unknown}
 F - a potion of magic {unknown}
 H - a potion of might {unknown}
 I - a potion of cancellation {unknown}
Comestibles
 c - 18 rations


   Skills:
 + Level 7.4 Fighting
 - Level 2.0 Dodging
 * Level 10.1 Unarmed Combat
 - Level 5.0 Spellcasting
 - Level 2.3 Translocations
 - Level 8.0 Transmutations
 - Level 3.0 Ice Magic
 + Level 5.8 Evocations


You had 8 spell levels left.
You knew the following spells:

 Your Spells              Type           Power        Failure   Level  Hunger
a - Beastly Appendage     Tmut           ####..       1%          1    None
b - Sticks to Snakes      Tmut           ####....     1%          2    #......
c - Spider Form           Tmut/Pois      ###.......   8%          3    ##.....
d - Ice Form              Ice/Tmut       ###.....     14%         4    ####...
e - Blink                 Tloc           N/A          8%          2    #......

Your spell library contained the following spells:

 Spells                   Type           Power        Failure   Level  Hunger
 Passwall                 Tmut/Erth      ###.....     3%          2    #......
 Ensorcelled Hibernation  Hex/Ice        #.....       11%         2    #......
 Corona                   Hex            #......      13%         1    None
 Magic Dart               Conj           #...         13%         1    None
 Sandblast                Erth           #.....       13%         1    None
 Summon Small Mammal      Summ           #...         13%         1    None
 Blade Hands              Tmut           ####......   14%         5    ######.
 Call Imp                 Summ           #.......     21%         2    #......
 Searing Ray              Conj           #.....       21%         2    #......
 Slow                     Hex            #.......     21%         2    #......
 Petrify                  Tmut/Erth      ###.....     26%         4    ####...
 Call Canine Familiar     Summ           #.......     36%         3    ##.....
 Confuse                  Hex            #.......     36%         3    ##.....
 Conjure Flame            Conj/Fire      #.......     36%         3    ##.....
 Dazzling Spray           Conj/Hex       #.....       36%         3    ##.....
 Mephitic Cloud           Conj/Pois/Air  #.......     36%         3    ##.....
 Stone Arrow              Conj/Erth      #.....       36%         3    ##.....
 Summon Guardian Golem    Hex/Summ       #.......     36%         3    ##.....
 Tukima's Dance           Hex            #.......     36%         3    ##.....
 Summon Ice Beast         Ice/Summ       #.......     56%         4    ####...
 Force Lance              Conj/Tloc      #.......     63%         4    ####...
 Fulminant Prism          Conj/Hex       #.........   78%         4    ####...
 Iskenderun's Mystic Bla  Conj           #.......     78%         4    ####...
 Summon Lightning Spire   Summ/Air       #.......     78%         4    ####...
 Lee's Rapid Deconstruct  Erth           #.........   98%         5    ######.


Dungeon Overview and Level Annotations

Branches:
Dungeon (10/15)            Temple (0/1) D:5            Lair (0/6) D:9
    Orc (0/2) D:9

Altars:
Ashenzari
Cheibriados
Elyvilon
Nemelex Xobeh
Ru
Sif Muna
Trog
Uskayaw
Wu Jian
Yredelemnul

Annotations:
D:4 Eustachio


Innate Abilities, Weirdness & Mutations

You cannot wear most types of armour.
You are very stealthy in the water. (Stealth+)
You are amphibious.
You can wear up to eight rings at the same time.
((You can use your tentacles to constrict eight enemies at once.))
((Your skin changes colour to match your surroundings (Stealth+).))
((Your rubbery body absorbs attacks. (AC +1, EV +1)))


Message History

The gargoyle hits you with a +0 morningstar!
You hit the gargoyle but do no damage. You hit the gargoyle but do no damage.
The gargoyle closely misses you.
You hit the gargoyle but do no damage.
The gargoyle hurls a stone arrow at you.
The stone arrow hits you!
* * * LOW HITPOINT WARNING * * *
You punch the gargoyle! You freeze the gargoyle.
The gargoyle is moderately damaged.
The gargoyle barely misses you.
You completely miss the gargoyle.
The gargoyle is moderately damaged.
You hit the gargoyle. You freeze the gargoyle.
The gargoyle is heavily damaged.
The gargoyle hits you with a +0 morningstar!
* * * LOW HITPOINT WARNING * * *
You punch the gargoyle! You freeze the gargoyle.
The gargoyle is severely damaged.
The gargoyle hits you with a +0 morningstar!!
You die...

#...........#..#
#...........)..#
#..#.......###.#####..#
#..#.......# #........#
#..#.......# #........#
#.......# #........#
#.......# #........#
#.....))# #.........
#......Y# #..[......
.....(##.9# #.........
...$.. #.............#
..... #....... ....
#....... .. #....... .
#....... #.......#


You could see a gargoyle.

Vanquished Creatures
  Harold (D:8)
  Joseph (D:7)
  A gargoyle (D:10)
  A hippogriff (D:7)
  Grum (D:9)
  Edmund (D:3)
  A water moccasin (D:5)
  Duvessa (D:3)
  4 orc warriors
  A porcupine (D:9)
  2 sky beasts
  4 black bears (D:9)
  2 phantoms
  An ice beast (D:9)
  8 ogres
  3 wolves (D:9)
  A centaur (D:7)
  A crocodile (D:10)
  Blork the orc (D:5)
  A big kobold (D:10)
  7 bullfrogs
  Dowan (D:3)
  10 scorpions
  3 killer bees (D:9)
  2 howler monkeys (D:9)
  An electric eel (D:6)
  3 jellies
  7 crimson imps
  A quasit (D:9)
  3 bullfrog zombies
  5 hounds
  8 orc priests
  A bullfrog skeleton (D:5)
  2 iguanas
  8 orc wizards
  5 worker ants
  2 hound zombies
  12 adders
  2 shadow imps
  An ooze (D:3)
  An adder zombie (D:6)
  An adder skeleton (D:7)
  2 worms
  2 dart slugs (D:2)
  5 leopard geckos
  34 orcs
  7 giant cockroaches
  6 goblins
  7 hobgoblins
  14 jackals
  14 kobolds
  3 quokkas
  A ball python (D:3)
  5 bats
  9 frilled lizards
  A leopard gecko zombie (D:5)
  A quokka skeleton (D:5)
  3 quokka zombies
  11 rats
248 creatures vanquished.

Vanquished Creatures (collateral kills)
  An orc (D:4)
1 creature vanquished.

Vanquished Creatures (others)
  7 fungi (D:9)
7 creatures vanquished.

Grand Total: 256 creatures vanquished

Notes
Turn   | Place    | Note
-------+----------+-------------------------------------------
     0 | D:1      | AlterAsc the Octopode Transmuter began the quest for the
                  | Orb.
     0 | D:1      | Reached XP level 1. HP: 13/13 MP: 3/3
   143 | D:1      | Reached XP level 2. HP: 13/18 MP: 5/5
   715 | D:1      | Reached XP level 3. HP: 23/23 MP: 6/6
  1073 | D:2      | Learned a level 2 spell: Sticks to Snakes
  1077 | D:2      | Learned a level 3 spell: Spider Form
  1363 | D:2      | Reached XP level 4. HP: 12/29 MP: 7/7
  2533 | D:3      | Reached XP level 5. HP: 12/34 MP: 9/9
  3603 | D:4      | Reached skill level 4 in Unarmed Combat
  3606 | D:4      | Reached XP level 6. HP: 21/41 MP: 10/10
  3953 | D:4      | Noticed Eustachio
  4279 | D:4      | Noticed an orc warrior
  4585 | D:4      | Killed an orc warrior
  4612 | D:4      | Noticed Edmund
  4612 | D:4      | Noticed Duvessa
  4612 | D:4      | Noticed Dowan
  4666 | D:3      | Killed Edmund
  4666 | D:3      | Reached XP level 7. HP: 21/46 MP: 7/12
  5196 | D:3      | Killed Duvessa
  5196 | D:3      | Reached skill level 5 in Transmutations
  5325 | D:3      | Killed Dowan
  5755 | D:5      | Entered Level 5 of the Dungeon
  5781 | D:5      | Found a shattered altar of Ashenzari.
  5782 | D:5      | Found a bloodstained altar of Trog.
  5783 | D:5      | Found a sparkling altar of Nemelex Xobeh.
  5784 | D:5      | Found a sacrificial altar of Ru.
  5789 | D:5      | Became a worshipper of Ashenzari the Shackled
  5810 | D:5      | Noticed Blork the orc
  5823 | D:5      | Killed Blork the orc
  5852 | D:5      | Found a staircase to the Ecumenical Temple.
  6280 | D:5      | Learned a level 4 spell: Ice Form
  6283 | D:5      | Learned a level 2 spell: Blink
  6494 | D:5      | Reached XP level 8. HP: 30/54 MP: 11/14
  6495 | D:5      | Reached skill level 5 in Unarmed Combat
  6652 | D:5      | Reached skill level 1 in Ice Magic
  7605 | D:6      | Found a white marble altar of Elyvilon.
  7670 | D:6      | Reached skill level 1 in Translocations
  7697 | D:6      | Reached skill level 5 in Spellcasting
  7945 | D:6      | Reached XP level 9. HP: 51/58 MP: 11/16
  8658 | D:7      | Reached skill level 6 in Unarmed Combat
  8985 | D:7      | Found a shimmering blue altar of Sif Muna.
  8985 | D:7      | Noticed Joseph
  8997 | D:7      | Killed Joseph
  8997 | D:7      | Reached skill level 5 in Fighting
  8997 | D:7      | Reached skill level 1 in Evocations
  9005 | D:7      | Found a basalt altar of Yredelemnul.
  9005 | D:7      | Found a hide-covered altar of Uskayaw.
  9176 | D:7      | Reached skill level 7 in Unarmed Combat
  9847 | D:8      | Reached XP level 10. HP: 51/66 MP: 17/17
 10401 | D:8      | Reached * piety under Ashenzari
 10441 | D:8      | Noticed Harold
 10468 | D:8      | Killed Harold
 10468 | D:8      | Reached skill level 8 in Unarmed Combat
 10645 | D:8      | Found a snail-covered altar of Cheibriados.
 10714 | D:8      | Found an ornate altar of the Wu Jian Council.
 10880 | D:9      | Found a staircase to the Lair.
 10945 | D:9      | Reached skill level 9 in Unarmed Combat
 11121 | D:9      | Found a staircase to the Orcish Mines.
 11235 | D:9      | Reached skill level 5 in Evocations
 11476 | D:9      | Noticed Grum
 11716 | D:9      | Killed Grum
 11812 | D:9      | Reached XP level 11. HP: 64/75 MP: 18/18
 12016 | D:10     | Entered Level 10 of the Dungeon
 12113 | D:10     | Reached skill level 10 in Unarmed Combat
 12167 | D:10     | Demolished by a gargoyle

Levels and vault maps discovered:
D:1:      doesnt_arrival_eight_statues, layout_loops_ring, minmay_octomino_c4
D:2:      layout_loops_ring, chequers_decorated_corner
D:3:      cheibrodos_pilgrimage, layout_basic
D:4:      layout_cave_pods, first_ration, uniq_edmund, uniq_duvessa,
          uniq_eustachio
D:5:      layout_basic, chequers_temple_overflow_statue_of_worship,
          minmay_temple_entry_arrows, serial_bayou_pond_d, uniq_blork_the_orc
D:6:      cheibrodos_helix_gallery, layout_basic, elyvilon_altar_3
D:7:      layout_basic, gammafunk_temple_overflow_forgotten, grunt_ogre_cave,
          uniq_joseph
D:8:      layout_basic, cheibriados_altar_1, kennysheep_mini_moat, uniq_harold
D:9:      kennysheep_ambush_hall, layout_long_grid, due_lair_maze_entry_diamond,
          uniq_grum
D:10:     layout_long_grid

Skill      XL: |  1  2  3  4  5  6  7  8  9 10 11 |
---------------+----------------------------------+-----
Fighting       | 2 3 4 5 7 |  7.4
Transmutations | 3 4 5 7 8 |  8.0
Unarmed Combat | 4 5 7 9 10 | 10.1
Spellcasting   | 3 4 5 |  5.0
Ice Magic      | 2 3 |  3.0
Translocations | 2 |  2.3
Evocations     | 2 5 |  5.8
Dodging        | |  2.0

Action                   |  1- 3 |  4- 6 |  7- 9 | 10-12 || total
-------------------------+-------+-------+-------+-------++-------
Melee: Unarmed           |    85 |   136 |   277 |   218 ||   716
       Constrict         |    18 |    45 |    22 |     3 ||    88
       Tentacles         |    15 |    22 |    18 |     3 ||    58
       Punch             |     1 |     2 |     2 |     1 ||     6
       Kick              |       |    22 |       |       ||    22
Throw: Dart              |       |       |     3 |       ||     3
 Cast: Beastly Appendage |       |    23 |       |       ||    23
       Sticks to Snakes  |       |     7 |     5 |     1 ||    13
       Spider Form       |       |     2 |     7 |       ||     9
       Ice Form          |       |       |    16 |    17 ||    33
       Blink             |       |       |       |     2 ||     2
Invok: Curse Item        |       |       |     2 |       ||     2
  Use: Scroll            |       |     3 |     5 |       ||     8
       Potion            |       |       |     2 |       ||     2
 Stab: Sleeping          |     1 |     1 |       |       ||     2
  Eat: Chunk             |     1 |     9 |    19 |    11 ||    40
       Ration            |       |     1 |       |       ||     1
Armor: Skin              |     4 |    11 |    26 |    40 ||    81
Dodge: Dodged            |    31 |   121 |   157 |    94 ||   403
